 Dungeon Crawl Stone Soup version 0.26.1-2-gb8aa6d0cf2 (webtiles) character file.

Game seed: 12372473115614743111

3187 Revguard the Insei (level 9, -12/93 HPs)
             Began as a Demonspawn Transmuter on Feb 28, 2021.
             Was a Follower of Wu Jian.
             Mangled by a wyvern (15 damage)
             ... on level 8 of the Dungeon.
             The game lasted 00:18:19 (8683 turns).

Revguard the Insei (Demonspawn Transmuter)          Turns: 8683, Time: 00:18:20

Health: -12/93     AC:  6    Str: 12    XL:     9   Next: 64%
Magic:  16/16      EV: 14    Int: 18    God:    Wu Jian [*.....]
Gold:   467        SH:  0    Dex: 18    Spells: 7/18 levels left

rFire    + + .     SeeInvis .     - Unarmed
rCold    . . .     Faith    .   (no shield)
rNeg     . . .     Spirit   .   q - +1 leather armour "Povulypo" {rF++ Str+2}
rPois    .         Reflect  .   n - +1 hat
rElec    .         Harm     .   c - +0 cloak
rCorr    +         Rampage  .   k - +0 pair of gloves
Will     .....                  (no boots)
Stlth    ..........             t - amulet of magic regeneration
HPRegen  0.25/turn              (no ring)
MPRegen  0.40/turn              j - ring of resist corrosion

@: berserking, lethally poisoned (-12 -> -14), wereblooded, very quick
A: talons 2, agile 1, clever 1, deformed body, demonic guardian 1, frail 1,
spiny 1
a: Renounce Religion


You were on level 8 of the Dungeon.
You worshipped Wu Jian.
Wu Jian was aware of your devotion.
You visited 1 branch of the dungeon, and saw 8 of its levels.

You collected 467 gold pieces.

Inventory:

Hand Weapons
 g - a -3 quarterstaff
Armour
 c - a +0 cloak (worn)
 k - a +0 pair of gloves (worn)
 n - a +1 hat (worn)
 q - the +1 leather armour "Povulypo" (worn) {rF++ Str+2}
   (You found it on level 4 of the Dungeon)

   It affects your strength (+2).
   It greatly protects you from fire.
Magical Staves
 f - an uncursed staff of cold
Jewellery
 j - a ring of resist corrosion (right hand)
 t - an amulet of magic regeneration (around neck)
Wands
 a - a wand of iceblast (3)
 s - a wand of polymorph (9)
 u - a wand of acid (4)
Scrolls
 b - 3 scrolls of amnesia
 d - a scroll of fog
 i - 5 scrolls of remove curse
 o - 2 scrolls of fear
 r - 2 scrolls of teleportation
Potions
 e - a potion of berserk rage
 h - a potion of heal wounds
 l - a potion of haste
 p - a potion of curing


   Skills:
 * Level 5.6 Fighting
 + Level 3.5 Armour
 + Level 3.7 Dodging
 + Level 3.6 Stealth
 + Level 6.6 Unarmed Combat
 + Level 5.0 Spellcasting
 + Level 4.6 Transmutations
 + Level 2.3 Poison Magic
 + Level 2.2 Evocations


You had 7 spell levels left.
You knew the following spells:

 Your Spells              Type           Power        Failure   Level
a - Beastly Appendage     Tmut           42%          2%          1
b - Wereblood             Tmut           21%          3%          2
c - Spider Form           Tmut/Pois      8%           12%         3
d - Blade Hands           Tmut           10%          56%         5

Your spell library contained the following spells:

 Spells                   Type           Power        Failure   Level
 Corona                   Hex            4%           17%         1
 Foxfire                  Conj/Fire      16%          17%         1
 Ensorcelled Hibernation  Hex/Ice        8%           26%         2
 Confusing Touch          Hex            4%           45%         3
 Conjure Flame            Conj/Fire      4%           45%         3
 Dazzling Flash           Conj/Hex       8%           45%         3
 Gell's Gravitas          Tloc           2%           45%         3
 Inner Flame              Hex/Fire       4%           45%         3
 Tukima's Dance           Hex            4%           45%         3
 Ice Form                 Ice/Tmut       12%          54%         4
 Petrify                  Tmut/Erth      12%          54%         4
 Sticky Flame             Conj/Fire      4%           86%         4
 Yara's Violent Unravell  Hex/Tmut       6%           88%         5
 Fireball                 Conj/Fire      2%           99%         5
 Metabolic Englaciation   Hex/Ice        2%           99%         5


Dungeon Overview and Level Annotations

Branches:
Dungeon (8/15)             Temple (0/1) D:4
   Lair: D:8-11

Altars:
Cheibriados
Dithmenos
Elyvilon
Fedhas
Gozag
Kikubaaqudgha
Makhleb
Qazlal
Trog
Wu Jian
Yredelemnul

Annotations:
D:7 kelmiir's ghost, novice GrEE


Innate Abilities, Weirdness & Mutations

You have razor-sharp toenails.
A weak demonic guardian rushes to your aid.
You are partially covered in sharp spines.
You are agile. (Dex +2)
Your mind is acute. (Int +2)
Armour fits poorly on your strangely shaped body.
You are frail. (-10% HP)


Message History

You feel sick. The wyvern bites you.
* * * LOW HITPOINT WARNING * * *
You punch the wyvern!
The wyvern is heavily wounded.
You hear an angry hiss.
The wyvern is struck by your spines. The wyvern bites you!
* * * LOW HITPOINT WARNING * * *
An adder comes into view.
An adder zombie comes into view.
The yak gores you but does no damage.
Press: ? - help, v - describe, . - travel
Here: a wyvern (severely wounded)
The floor, spattered with blood.
You punch the wyvern!
You kill the wyvern!
The Council accepts your kill.
* * * LOW HITPOINT WARNING * * *
You feel sick.
You hear an angry buzzing noise.
You hear a shout!
The wyvern is struck by your spines. The wyvern bites you!
You die...

##...###.......# ...
.#...#.........#####....
.....#..................
####....................
.##....................Z
##................s.?...
........................
..#.........#....l..Y...
#.##.......###..@†.....#
..###.....###.).†Y....Y.
.####<....# #..........#
.#.##.....##...#.#.o...#
...<.....##....##...o..#
.....).......#.. .h....#
..........##.... .......
..........#..... ##..S##
................. ...


You could see 3 yaks, a wyvern, a scorpion, an adder, 2 orcs, an adder zombie
and a jackal.

Vanquished Creatures
  A boulder beetle (D:7)
  Maurice (D:8)
  A yak (D:8)
  2 wyverns (D:8)
  3 water moccasins (D:8)
  An orc warrior (D:7)
  2 phantoms
  4 ogres
  A centaur (D:7)
  3 bullfrogs
  4 howler monkeys
  2 bullfrog zombies
  A jelly (D:7)
  A hound (D:4)
  2 centaur skeletons
  An orc priest (D:5)
  An iron imp (D:5)
  Jessica (D:2)
  2 worker ants
  An iguana (D:8)
  A hound zombie (D:7)
  6 adders
  An ooze (D:1)
  An adder skeleton (D:7)
  2 worms (D:3)
  2 dart slugs
  5 leopard geckos
  7 orcs
  2 ball pythons (D:3)
  5 bats
  3 giant cockroaches
  9 goblins
  6 hobgoblins
  A jackal (D:8)
  5 kobolds
  6 quokkas
  A ball python skeleton (D:4)
  6 frilled lizards
  4 rats
108 creatures vanquished.

Vanquished Creatures (collateral kills)
  An ice beast (D:6)
  An ogre (D:6)
  A jelly (D:7)
  A hound (D:5)
  2 iron imps (D:5)
  An orc (D:5)
7 creatures vanquished.

Vanquished Creatures (others)
  7 fungi (D:8)
  16 plants (D:8)
23 creatures vanquished.

Grand Total: 138 creatures vanquished

Notes
Turn   | Place    | Note
-------+----------+-------------------------------------------
     0 | D:1      | Revguard the Demonspawn Transmuter began the quest for the
                  | Orb.
     0 | D:1      | Reached XP level 1. HP: 15/15 MP: 3/3
   624 | D:1      | Reached skill level 3 in Unarmed Combat
   624 | D:1      | Mutation became permanent: You have sharp toenails.
                  | [demonic ancestry]
   624 | D:1      | Gained mutation: You have razor-sharp toenails. [demonic
                  | ancestry]
   624 | D:1      | Reached XP level 2. HP: 17/21 MP: 3/5
   774 | D:1      | Learned a level 2 spell: Wereblood
  1391 | D:2      | Gained mutation: You are partially covered in sharp spines.
                  | [demonic ancestry]
  1391 | D:2      | Reached XP level 3. HP: 24/26 MP: 6/6
  1452 | D:2      | Learned a level 3 spell: Spider Form
  1842 | D:2      | Noticed Jessica
  1853 | D:2      | Killed Jessica
  2011 | D:2      | Gained mutation: You are agile. (Dex +2) [potion of
                  | mutation]
  2011 | D:2      | Gained mutation: You are frail. (-10% HP) [potion of
                  | mutation]
  2011 | D:2      | Gained mutation: Armour fits poorly on your strangely
                  | shaped body. [potion of mutation]
  2011 | D:2      | Gained mutation: Your mind is acute. (Int +2) [potion of
                  | mutation]
  2198 | D:2      | Reached XP level 4. HP: 26/28 MP: 7/7
  3128 | D:3      | Found an ancient bone altar of Kikubaaqudgha.
  3128 | D:3      | Found a stormy altar of Qazlal.
  3129 | D:3      | Found a bloodstained altar of Trog.
  3532 | D:4      | Reached skill level 1 in Poison Magic
  3609 | D:4      | Reached skill level 1 in Stealth
  3799 | D:4      | Noticed an ogre
  3808 | D:4      | Killed an ogre
  3809 | D:4      | Gained mutation: A weak demonic guardian rushes to your
                  | aid. [demonic ancestry]
  3809 | D:4      | Reached XP level 5. HP: 34/34 MP: 3/9
  3859 | D:4      | Found an ornate altar of the Wu Jian Council.
  3865 | D:4      | Became a worshipper of the Wu Jian Council
  3935 | D:4      | Found a staircase to the Ecumenical Temple.
  3955 | D:4      | Got a faintly humming leather armour
  3975 | D:4      | Identified the +1 leather armour "Povulypo" {rF++ Str+2}
                  | (You found it on level 4 of the Dungeon)
  4094 | D:4      | Reached XP level 6. HP: 39/39 MP: 8/10
  4104 | D:4      | Learned a level 5 spell: Blade Hands
  4232 | D:5      | Entered Level 5 of the Dungeon
  4240 | D:5      | Reached skill level 1 in Armour
  4240 | D:5      | Reached skill level 1 in Evocations
  4915 | D:5      | Found a blossoming altar of Fedhas.
  4978 | D:5      | Found a white marble altar of Elyvilon.
  5027 | D:5      | Reached skill level 4 in Unarmed Combat
  5027 | D:5      | Reached XP level 7. HP: 8/45 MP: 9/11
  5280 | D:5      | Found a shadowy altar of Dithmenos.
  5541 | D:5      | Found a burning altar of Makhleb.
  7057 | D:7      | Reached XP level 8. HP: 30/52 MP: 13/13
  7208 | D:7      | Found a runed translucent gate.
  7208 | D:7      | Found a runed translucent gate.
  7209 | D:7      | Found a runed translucent gate.
  7210 | D:7      | Found an opulent altar of Gozag.
  7213 | D:7      | Noticed kelmiir's ghost (novice GrEE)
  7213 | D:7      | Noticed a boulder beetle
  7280 | D:7      | Found a snail-covered altar of Cheibriados.
  7355 | D:7      | Found a basalt altar of Yredelemnul.
  7582 | D:7      | Reached skill level 5 in Unarmed Combat
  7763 | D:7      | Found an opulent altar of Gozag.
  8186 | D:7      | Killed a boulder beetle
  8187 | D:7      | Gained mutation: You have razor-sharp toenails. [demonic
                  | ancestry]
  8187 | D:7      | Reached XP level 9. HP: 9/60 MP: 15/15
  8499 | D:8      | Noticed Maurice
  8510 | D:8      | Killed Maurice
  8511 | D:8      | Reached skill level 5 in Fighting
  8511 | D:8      | Reached skill level 6 in Unarmed Combat
  8649 | D:8      | Reached * piety under Wu Jian
  8680 | D:8      | Reached skill level 5 in Spellcasting
  8682 | D:8      | HP: 4/93 [wyvern (11)]
  8683 | D:8      | Mangled by a wyvern

Illustrated notes

Levels and vault maps discovered:
D:1:      lightli_arrival_statue_moat, layout_loops_corners,
          hangedman_decor_growths
D:2:      layout_basic, uniq_jessica
D:3:      layout_loops_ring, gammafunk_temple_overflow_forgotten
D:4:      layout_rooms, overflow_temple_1_default,
          minmay_temple_entry_stoned_glass
D:5:      layout_basic, elyvilon_altar_4, demons_altar, kennysheep_mini_moat,
          nicolae_dithmenos_the_darkroom
D:6:      layout_basic
D:7:      layout_basic, overflow_temple_1_default, basic_altar,
          ebering_ghost_gozag, lemuel_tele_altar
D:8:      layout_cave_pools, minmay_lair_entry_grove, special_room
          [special_room_orc], chequers_ossuary_entry_cave, uniq_joseph,
          uniq_harold, uniq_maurice

Skill      XL: |  1  2  3  4  5  6  7  8  9 |
---------------+----------------------------+-----
Unarmed Combat | 3 4 5 6 |  6.6
Transmutations | 2 3 4 |  4.6
Dodging        | 2 3 |  3.7
Poison Magic   | 1 2 |  2.3
Stealth        | 1 2 3 |  3.6
Fighting       | 2 3 4 5 |  5.6
Spellcasting   | 3 4 5 |  5.0
Armour         | 1 2 3 |  3.5
Evocations     | 1 2 |  2.2

Action                   |  1- 3 |  4- 6 |  7- 9 || total
-------------------------+-------+-------+-------++-------
Melee: Unarmed           |    84 |    93 |   142 ||   319
       Kick              |    16 |    26 |    41 ||    83
       Headbutt          |     9 |    12 |    19 ||    40
       Staff             |       |     4 |       ||     4
       Punch             |       |     1 |     5 ||     6
 Cast: Beastly Appendage |    20 |    26 |    15 ||    61
       Spider Form       |       |     2 |     4 ||     6
       Wereblood         |       |     1 |     2 ||     3
Invok: Lunge             |       |     5 |    17 ||    22
       Whirlwind         |       |       |     1 ||     1
  Use: Scroll            |     9 |     2 |     1 ||    12
       Potion            |     5 |     2 |     5 ||    12
 Stab: Sleeping          |       |     1 |     2 ||     3
       Distracted        |       |     1 |     2 ||     3
Armor: Robe              |    13 |       |       ||    13
       Leather armour    |     1 |    14 |    21 ||    36
       Skin              |       |       |     1 ||     1
Dodge: Dodged            |    57 |    47 |    82 ||   186
